 Dungeon Crawl Stone Soup version 0.27.1-34-g3ba077fa99 (webtiles) character file.

Game seed: 7697309082036070019

2 cbfl8 the Sneak (level 1, -2/19 HPs)
             Began as a Minotaur Delver on Jan 20, 2022.
             Slain by a black bear (3 damage)
             ... on level 5 of the Dungeon.
             The game lasted 00:00:42 (174 turns).

cbfl8 the Sneak (Minotaur Delver)                    Turns: 174, Time: 00:00:42

Health: -2/19      AC:  3    Str: 16    XL:     1   Next: 25%
Magic:  0/0        EV: 11    Int:  7    God:
Gold:   8          SH:  0    Dex: 11    Spells: 0/0 levels left

rFire    . . .     SeeInvis .   a - +0 hand axe
rCold    . . .     Faith    .   (no shield)
rNeg     . . .     Spirit   .   b - +0 leather armour
rPois    .         Reflect  .   (helmet restricted)
rElec    .         Harm     .   (no cloak)
rCorr    .         Rampage  .   (no gloves)
Will     .....                  (no boots)
Stlth    ++........             (no amulet)
HPRegen  0.06/turn              (no ring)
MPRegen  0.07/turn              (no ring)

@: no status effects
A: horns 2, retaliatory headbutt
a: no special abilities


You were on level 5 of the Dungeon.
You visited 1 branch of the dungeon, and saw 1 of its levels.

You collected 8 gold pieces.

Inventory:

Hand Weapons
 a - a +0 hand axe (weapon)
 h - a +0 flail
Missiles
 i - 2 boomerangs of dispersal (quivered)
Armour
 b - a +0 leather armour (worn)
Wands
 g - a wand of digging (3)
Scrolls
 c - a scroll of fog
 d - a scroll of magic mapping
 e - a scroll of fear
Potions
 f - 2 potions of haste


   Skills:
 + Level 3.6 Fighting
 + Level 2.4 Axes
 + Level 2.1 Dodging
 + Level 4.2 Stealth


You couldn't memorise any spells.
You didn't know any spells.
Your spell library was empty.

Dungeon Overview and Level Annotations

Branches:
Dungeon (5/15)
 Temple: D:4-7

Altars:


Innate Abilities, Weirdness & Mutations

You have a pair of horns on your head.
You reflexively headbutt those who attack you in melee.


Message History

You hit the black bear. You headbutt the black bear.
The black bear is moderately wounded.
The black bear misses you. The black bear barely misses you.
The black bear claws you.
You hit the black bear.
You headbutt the black bear, but do no damage.
The black bear is moderately wounded.
The black bear bites you. The black bear claws you.
The black bear barely misses you.
You slash the black bear!
The black bear is heavily wounded.
The black bear misses you.
The black bear claws you but does no damage.
The black bear misses you.
You closely miss the black bear.
The black bear is heavily wounded.
The black bear closely misses you. The black bear barely misses you.
The black bear closely misses you.
The black bear bites you but does no damage.
The black bear claws you. The black bear closely misses you.
You hit the black bear. Your headbutt misses the black bear.
The black bear is severely wounded.
A hound comes into view.
The black bear goes berserk!
You barely miss the black bear.
The black bear is severely wounded.
The black bear bites you.
* * * LOW HITPOINT WARNING * * *
The black bear claws you.
* * * LOW HITPOINT WARNING * * *
The black bear closely misses you. x3; The black bear barely misses you.
You barely miss the black bear.
The black bear is severely wounded.
The black bear barely misses you. You furiously retaliate!
You headbutt the black bear, but do no damage.
The black bear misses you. The black bear closely misses you.
You barely miss the black bear.
The black bear is severely wounded.
The black bear barely misses you. The black bear claws you.
You die...

#.# #.. #+## ##.#
#...# ... #..... #.#
#....?s ##.##
#.......
####...#######
+$......
+.....@h......
#...Y...
####...#######
#...... ##.####
#..... #.....# #...#
#..##.# #'## #..##.#
#####.########..##.#
...##.##.........#.#
.#.........###>#.#.#


You could see a black bear (berserk).

Vanquished Creatures
  An orc (D:5)
1 creature vanquished.

Notes
Turn   | Place    | Note
-------+----------+-------------------------------------------
     0 | D:5      | cbfl8 the Minotaur Delver began the quest for the Orb.
     0 | D:5      | Reached XP level 1. HP: 19/19 MP: 0/0
    17 | D:5      | Noticed an ice beast
    18 | D:5      | Noticed a scorpion
   162 | D:5      | Noticed a black bear
   171 | D:5      | Noticed a hound
   174 | D:5      | Slain by a black bear

Illustrated notes

Levels and vault maps discovered:
D:5:      layout_loops_corners, nicolae_dithmenos_through_a_glass_darkly,
          biasface_ghost_orc_armoury

Action                   || total
-------------------------++-------
Melee: Hand axe          ||     9
       Headbutt          ||     2
Armor: Leather armour    ||     3
Dodge: Dodged            ||    23
